 Dungeon Crawl Stone Soup version 0.29-a0-362-g5854e031c7 (webtiles) character file.

Game seed: 11388637167283660685

4 freelancePsychic the Shooter (level 1, 0/18 HPs)
             Began as a Draconian Hunter on Apr 29, 2022.
             Slain by a giant cockroach (2 damage)
             ... on level 2 of the Dungeon.
             The game lasted 00:00:35 (39 turns).

freelancePsychic the Shooter (Draconian Hunter)       Turns: 39, Time: 00:00:35

Health: 0/18       AC:  4    Str: 13    XL:     1   Next: 50%
Magic:  1/1        EV: 12    Int:  9    God:
Gold:   0          SH:  0    Dex: 14    Spells: 0/0 levels left

rFire   . . .      SeeInvis .   a - +1 shortbow
rCold   . . .      Faith    .   (shield currently unavailable)
rNeg    . . .      Spirit   .   (body armour unavailable)
rPois   .          Reflect  .   (helmet restricted)
rElec   .          Harm     .   (no cloak)
rCorr   .          Rampage  .   (no gloves)
Will    .....                   (no boots)
Stlth   ++........              (no amulet)
HPRegen 0.06/turn               (no ring)
MPRegen 0.07/turn               (no ring)

@: no status effects
A: AC +4, unfitting armour, cold-blooded
a: no special abilities


You were on level 2 of the Dungeon.
You visited 1 branch of the dungeon, and saw 2 of its levels.

Inventory:

Hand Weapons
 a - a +1 shortbow (weapon)
Scrolls
 b - a scroll of immolation


   Skills:
 + Level 2.3 Fighting
 * Level 3.7 Bows
 - Level 1.7 Dodging
 - Level 0.8 Stealth


You couldn't memorise any spells.
You didn't know any spells.
Your spell library was empty.

Dungeon Overview and Level Annotations

Branches:
Dungeon (2/15)

Altars:


Innate Abilities, Weirdness & Mutations

Your plain brown scales are hard. (AC +4)
You cannot fit into any form of body armour.
You are cold-blooded and may be slowed by cold attacks.


Message History

Press: ? - help, Shift-Dir - straight line, f - giant cockroach
Aim: a giant cockroach (62% to hit)
You shoot an arrow. The arrow hits the giant cockroach.
The giant cockroach is lightly wounded.
The giant cockroach bites you but does no damage. x2
Shoot: a) +1 shortbow
Press: ? - help, Shift-Dir - straight line, f/p - giant cockroach
Aim: a giant cockroach (lightly wounded, 62% to hit)
You shoot an arrow. The arrow hits the giant cockroach.
The giant cockroach is moderately wounded.
The giant cockroach barely misses you. x2
Shoot: a) +1 shortbow
Press: ? - help, Shift-Dir - straight line, f/p - giant cockroach
Aim: a giant cockroach (moderately wounded, 62% to hit)
You shoot an arrow.
The arrow closely misses the giant cockroach.
The giant cockroach closely misses you.
Found a stone staircase leading down.
The giant cockroach bites you.
The giant cockroach attacks as you move away!
The giant cockroach bites you but does no damage.
There is a stone staircase leading down here.
The giant cockroach closely misses you.
You climb downwards.
Found 8 gold pieces.
Found a stone staircase leading down.
There is a stone staircase leading up here.
You open the door. The giant cockroach bites you.
* * * LOW HITPOINT WARNING * * *
The giant cockroach bites you.
* * * LOW HITPOINT WARNING * * *
There is an open door here.
The giant cockroach attacks as you move away!
The giant cockroach bites you but does no damage.
Shoot: a) +1 shortbow
Press: ? - help, Shift-Dir - straight line, f - giant cockroach
Aim: a giant cockroach (moderately wounded, 62% to hit)
You shoot an arrow.
The arrow barely misses the giant cockroach.
The giant cockroach bites you.
You die...

#...#
#...#
#...#
#...#
#$B.#
...###...#
........<#
.#####B##
#@# #.#
#.. #...
##... ...#
...# ...#


You could see 2 giant cockroaches.

Vanquished Creatures
  3 jackals (D:1)
3 creatures vanquished.

Notes
Turn   | Place    | Note
-------+----------+-------------------------------------------
     0 | D:1      | freelancePsychic the Draconian Hunter began the quest for
                  | the Orb.
     0 | D:1      | Reached XP level 1. HP: 17/17 MP: 1/1
    39 | D:2      | Slain by a giant cockroach

Illustrated notes

Levels and vault maps discovered:
D:1:      dpeg_arrival_tiny_h, layout_rooms, serial_shops,
          nicolae_shop_waterfront
D:2:      layout_basic, shapermc_ecumenical_altar_rom_forum, minivault_4,
          uniq_sigmund, uniq_robin

Action                   || total
-------------------------++-------
 Fire: Shortbow          ||    20
Armor: Skin              ||    12
Dodge: Dodged            ||    20

Table legend: (Time is in decaauts)
 A = Elapsed time spent in this place.
 B = Non-inter-level travel time spent in this place.
 C = Inter-level travel time spent in this place.
 D = Time resting spent in this place.
 E = Time spent auto-exploring this place.
 F = Levels seen in this place.
 G = Mean time per level.
                   A        B        C        D        E       F      G
               +--------+--------+--------+--------+--------+-----+--------+
         Total |     44 |     44 |      0 |      0 |      3 |   2 |   22.0 |
       Dungeon |     44 |     44 |      0 |      0 |      3 |   2 |   22.0 |
               +--------+--------+--------+--------+--------+-----+--------+

Top non-repeatable levels by time:
     D:1: 41 daAuts
     D:2: 3 daAuts
